 Dungeon Crawl Stone Soup version 0.17-a0-755-g4391640 (webtiles) character file.

585 Sixotanaka the Chopper (level 7, -4/37 HPs)
             Began as a Vine Stalker Berserker on Apr 22, 2015.
             Was a Follower of Trog.
             Slain by a scorpion (7 damage)
             ... in an ossuary.
             The game lasted 00:07:51 (718 turns).

Sixotanaka the Chopper (Vine Stalker Berserker)      Turns: 718, Time: 00:07:51

Health: -4/37      AC:  9    Str: 21    XL:     7   Next: 37%
Magic:  0/8        EV: 11    Int:  7    God:    Trog [*.....]
Gold:   54         SH:  0    Dex: 14    Spells: 0 memorised, 6 levels left

rFire  . . .     SeeInvis .     a - +0 hand axe
rCold  . . .     Clarity  .     l - +0 scale mail
rNeg   . . .     SustAb   .     (no shield)
rPois  .         Gourm    .     (no helmet)
rElec  .         Spirit   +     (no cloak)
rCorr  .         Warding  .     g - +0 pair of gloves (curse)
rMut   .         Stasis   .     (no boots)
MR     .....                    (no amulet)
Stlth  ..........               (no ring)
                                (no ring)

@: exhausted, slowed, very slow, not resistant to hostile enchantments,
extremely unstealthy
A: fangs 2, regeneration 2, shaggy fur 1, magic shield, antimagic bite, no
device heal 3, rot immunity
a: Burn Spellbooks, Berserk, Renounce Religion


You were in an ossuary.
You worshipped Trog.
Trog was aware of your devotion.
You were very hungry.

You visited 2 branches of the dungeon, and saw 8 of its levels.
You also visited: Ossuary.

You collected 54 gold pieces.


Innate Abilities, Weirdness & Mutations

You have extremely sharp teeth.
You heal very quickly.
You are covered in fur (AC +1).
When hurt, damage is shared between your health and your magic reserves.
Your bite disrupts and absorbs the magic of your enemies.
Potions and wands cannot restore your health.
You are immune to rotting.


   Skills:
 + Level 4.2 Fighting
 * Level 5.1 Axes
 + Level 3.2 Armour
 + Level 3.2 Dodging


You had 6 spell levels left.
You didn't know any spells.

Dungeon Overview and Level Annotations

Branches:
Dungeon (7/15)             Temple (1/1) D:5

Altars:
Ashenzari
Dithmenos
Fedhas
Gozag
Ru
Sif Muna

Shops:
D:5 !   D:6 (

Inventory:

Hand weapons
 a - a +0 hand axe (weapon)
Armour
 g - a cursed +0 pair of gloves (worn)
 l - a +0 scale mail (worn)
Jewellery
 r - an uncursed ring of protection from fire {unknown}
Scrolls
 f - 3 scrolls of identify {unknown}
 i - 2 scrolls of enchant armour {unknown}
 j - a scroll of remove curse {unknown}
 k - 2 scrolls of amnesia {unknown}
 o - a scroll of random uselessness {unknown}
Potions
 d - a potion of cancellation {unknown}
 e - a potion of berserk rage {unknown}
 h - a potion of curing {@q1}
 n - a potion of poison {unknown}
 p - a potion of heal wounds {unknown}
 q - a potion of lignification {unknown}
Comestibles
 b - 3 chunks of flesh
 c - a bread ration
 m - a meat ration

....#.....#^..#...#...#
.....#.....'^^.#...8...#
.....8.....#...#.......#
...........######8...8##
#...........#M.?#.......#
##8.....8###...#...8...#
#...........#.!.#...#...#
.........s.##+###'######
.....8...Z@#Z..#...#...#
.....#.....sZ..#.∩.'.∩.#
....#.....#...#...#...#
## ###################


You could see 2 scorpions and 2 scorpion zombies.


Message History

The door flies open with a bang!
You feel your anger subside.
A scorpion and a zombie come into view.
A scorpion zombie comes into view.
You are no longer berserk.
You are exhausted.
You feel yourself slow down.
You are feeling very hungry.
The scorpion zombie hits you but does no damage.
There is an open door here.
You slash the scorpion zombie!
You bite the scorpion zombie, but do no damage.
You closely miss the scorpion.
You hit the scorpion zombie but do no damage.
You feel sick. The scorpion zombie closely misses you.
The scorpion zombie misses you.
The scorpion stings you but does no damage.
The scorpion zombie misses you.
A scorpion zombie comes into view.
Unknown command.
You feel sick. The scorpion barely misses you.
A scorpion comes into view.
You hit the scorpion but do no damage. Your bite misses the scorpion.
The scorpion stings you but does no damage.
You closely miss the scorpion.
You feel sick. The scorpion stings you.
* * * LOW HITPOINT WARNING * * *
You are more poisoned.
The scorpion poisons you! The scorpion misses you.
You barely miss the scorpion.
You feel sick. The scorpion barely misses you. The scorpion closely misses you.
You barely miss the scorpion. Your bite misses the scorpion.
You hit the scorpion.
You feel sick. The scorpion misses you.
The scorpion stings you but does no damage.
The scorpion closely misses you.
You hit the scorpion but do no damage. You bite the scorpion.
You drain its power.
You feel invigorated.
You hit the scorpion zombie. You hit the scorpion but do no damage.
You feel sick. The scorpion barely misses you. x2
The scorpion zombie hits you but does no damage.
The scorpion barely misses you. The scorpion closely misses you.
You closely miss the scorpion. You bite the scorpion. You drain its power.
You hit the scorpion. You barely miss the scorpion zombie.
You feel sick. The scorpion zombie closely misses you.
The scorpion stings you but does no damage.
The scorpion closely misses you. The scorpion zombie barely misses you.
You hit the scorpion. Your bite misses the scorpion.
You hit the scorpion but do no damage. You barely miss the scorpion zombie.
You feel sick. The scorpion stings you.
* * * LOW HITPOINT WARNING * * *
The scorpion closely misses you.
The scorpion stings you but does no damage.
The scorpion completely misses you.
The scorpion zombie hits you but does no damage.
You hit the scorpion.
You bite the scorpion, but do no damage.
You hit the scorpion zombie. You hit the scorpion but do no damage.
You feel sick. The scorpion stings you.
* * * LOW HITPOINT WARNING * * *
The scorpion stings you but does no damage.
The scorpion zombie hits you but does no damage.
The scorpion barely misses you. The scorpion stings you.
* * * LOW HITPOINT WARNING * * *
You are lethally poisoned!
The scorpion poisons you!
Drink which item? (? for menu, Esc to quit)
It was a potion of curing.
You feel better. The scorpion zombie closely misses you.
The scorpion stings you but does no damage.
The scorpion stings you!
You die...

Action                   |  1- 3 |  4- 6 |  7- 9 || total
-------------------------+-------+-------+-------++-------
Melee: Hand axe          |    35 |    70 |    38 ||   143
Invok: Berserk           |     2 |     2 |     1 ||     5
       Trog's Hand       |       |       |     1 ||     1
  Use: Potion            |       |       |     1 ||     1
  Eat: Chunk             |       |     4 |       ||     4

Vault maps used:
D:1:      sevenhm_arrival_forest_fort_small_1, serial_bayou_crossing
D:2:      nicolae_overflow_crystal_walls, nicolae_overflow_hidden_temple,
          minmay_overflow_temple_star_quad, lemuel_doored_altar, uniq_sigmund
D:3:      okawaru_metal_pillars_3, led_xom_imps
D:5:      overflow_temple_1_default, minmay_temple_entry_grid, serial_shops,
          nicolae_shop_competitors_out_of_business, first_bread, uniq_edmund
D:6:      serial_shops, nicolae_shop_overgrown_old_shop, minmay_holes
D:7:      corexii_shantytown, vehumet_statue, kennysheep_little_box,
          enter_ossuary_3, uniq_duvessa
Temple:   nicolae_temple_no_exploring_needed
Ossuary:  ossuary_minmay_scorpions

Notes
Turn   | Place    | Note
--------------------------------------------------------------
     0 | D:1      | Sixotanaka, the Vine Stalker Berserker, began the quest for the Orb.
     0 | D:1      | Reached XP level 1. HP: 11/11 MP: 2/2
   136 | D:4      | Noticed a centaur skeleton
   143 | D:4      | HP: 1/11 [centaur skeleton (3)]
   146 | D:4      | Killed a centaur skeleton
   146 | D:4      | Reached skill level 3 in Fighting
   146 | D:4      | Reached skill level 3 in Axes
   146 | D:4      | Reached XP level 2. HP: 1/16 MP: 0/3
   146 | D:4      | Reached XP level 3. HP: 1/20 MP: 0/4
   172 | D:5      | Entered Level 5 of the Dungeon
   223 | D:4      | Noticed an orc wizard
   233 | D:4      | Killed an orc wizard
   233 | D:4      | Reached skill level 2 in Armour
   233 | D:4      | Reached skill level 2 in Dodging
   233 | D:4      | Reached XP level 4. HP: 24/24 MP: 5/5
   316 | D:5      | Noticed Edmund
   323 | D:5      | Killed Edmund
   323 | D:5      | Reached skill level 4 in Axes
   323 | D:5      | Reached XP level 5. HP: 23/28 MP: 4/6
   356 | D:5      | Found Muh Zae's Distillery.
   368 | D:5      | Noticed a centaur
   374 | D:5      | Killed a centaur
   374 | D:5      | Gained mutation: You heal very quickly. [Vine Stalker growth]
   374 | D:5      | Reached XP level 6. HP: 19/33 MP: 2/7
   396 | D:5      | Found a staircase to the Ecumenical Temple.
   437 | Temple   | Entered the Ecumenical Temple
   496 | D:6      | Found Cokos's Antique Weapon Emporium.
   571 | D:6      | Reached skill level 4 in Fighting
   571 | D:6      | Reached skill level 3 in Dodging
   605 | D:7      | Found a sand-covered staircase.
   617 | Ossuary  | Entered an ossuary
   658 | Ossuary  | Reached XP level 7. HP: 26/37 MP: 6/8
   661 | Ossuary  | Acquired Trog's second power
   661 | Ossuary  | Reached skill level 3 in Armour
   699 | Ossuary  | Reached skill level 5 in Axes
   713 | Ossuary  | HP: 9/37 [poisoned by a scorpion]
   717 | Ossuary  | HP: 3/37 [scorpion (3)]
   718 | Ossuary  | Slain by a scorpion

Vanquished Creatures
  Edmund (D:5)
  2 centaurs
  2 scorpions (Ossuary)
  2 centaur zombies (Ossuary)
  A centaur skeleton (D:4)
  An orc wizard (D:4)
  A hound zombie (D:5)
  3 gnolls (D:5)
  An adder (D:5)
  3 scorpion zombies (Ossuary)
  2 orcs (D:4)
  A ball python (D:5)
  A gnoll zombie (Ossuary)
  2 hobgoblins
  3 bats
  A giant newt (D:6)
  3 goblins
  2 hobgoblin zombies (Ossuary)
  A jackal zombie (D:7)
  A kobold zombie (D:7)
  2 orc zombies (Ossuary)
36 creatures vanquished.
